NWL
LEWISTON BRONCS @ TRI-CITY DUST DEVILS
06/09/1982
 
TOP OF THE 1ST
Lewiston Broncs batting - Pitching for Tri-City Dust Devils : LHP John Smiley
Pitching: LHP John Smiley
Batting: LHB Wayne Kirby 0-0: Called Strike
0-1: Ball
1-1: Ball
2-1: Foul Ball, location: 2F
2-2: Ball
3-2: Fly out, F7 (Flyball, 78D, EV 95.6 MPH)
Batting: LHB Alex Hernandez 0-0: Ball
1-0: Ball
2-0: SINGLE (Groundball, 34S, EV 98.1 MPH)
Batting: RHB Jeff Kunkel 0-0: Ball
1-0: Swinging Strike
1-1: Called Strike
1-2: Ball
2-2: Strikes out looking
Batting: RHB Bruce Castoria 0-0: Ball
1-0: Foul Ball, location: 2F
1-1: Ball
2-1: Foul Ball, location: 2F
2-2: 2-RUN HOME RUN (Flyball, 9D, EV 90.0 MPH), Distance : 349 ft
Batting: RHB Sal D'Alessandro 0-0: Ball
1-0: Swinging Strike
1-1: SOLO HOME RUN (Flyball, 7LD, EV 100.0 MPH), Distance : 362 ft
Batting: LHB Nestor Moreno 0-0: Ball
1-0: Ball
2-0: Ball
3-0: Base on Balls
Batting: RHB Julio Marin 0-0: Called Strike
0-1: Swinging Strike
0-2: Strikes out looking
Top of the 1st over - 3 runs, 3 hits, 0 errors, 1 left on base; Lewiston 3 - Tri-City 0
BOTTOM OF THE 1ST
Tri-City Dust Devils batting - Pitching for Lewiston Broncs : RHP Theo Shaw
Pitching: RHP Theo Shaw
Batting: LHB LaVel Freeman 0-0: Fly out, F8 (Flyball, 8RD, EV 91.3 MPH)
Batting: RHB Dave Lebeau 0-0: Fly out, F9 (Flyball, 89M, EV 88.8 MPH)
Batting: RHB Mark Van Blaricom 0-0: Foul Ball, location: 2F
0-1: Ball
1-1: Foul Ball, location: 2F
1-2: Foul Ball, location: 2F
1-2: Ball
2-2: Ball
3-2: Strikes out swinging
Bottom of the 1st over - 0 runs, 0 hits, 0 errors, 0 left on base; Lewiston 3 - Tri-City 0
TOP OF THE 2ND
Lewiston Broncs batting - Pitching for Tri-City Dust Devils : LHP John Smiley
Batting: RHB Steven Spalt 0-0: Ball
1-0: Ball
2-0: Ball
3-0: Base on Balls
Batting: RHB Jay Roberts 0-0: Called Strike
0-1: SINGLE (Groundball, 6MD, EV 103.8 MPH)
Steven Spalt to second
Runner from 2nd tries for 3rd, SAFE, no throw by CF
Batting: LHB Wayne Kirby 0-0: Ball
1-0: Fielders Choice at 2nd, 4-6 (Groundball, 4, EV 86.3 MPH)
Steven Spalt scores
Batting: LHB Alex Hernandez 0-0: Ball
1-0: SINGLE (Groundball, 56S, EV 71.9 MPH) (infield hit)
Wayne Kirby to second
Batting: RHB Jeff Kunkel 0-0: Ball
Wayne Kirby steals 3rd base (no throw)
1-0: Foul Ball, location: 2F
1-1: Called Strike
Alex Hernandez is caught stealing 2nd base 2-4
1-2: Ball
2-2: Foul Ball, location: 2F
2-2: Ball
3-2: 2-RUN HOME RUN (Flyball, 78XD, EV 108.1 MPH), Distance : 406 ft
Batting: RHB Bruce Castoria 0-0: Called Strike
0-1: Foul Ball, location: 2F
0-2: Ball
1-2: Foul Ball, location: 2F
1-2: Ball
2-2: Ball
3-2: Fly out, F8 (Flyball, 8RXD, EV 84.4 MPH)
Top of the 2nd over - 3 runs, 3 hits, 0 errors, 0 left on base; Lewiston 6 - Tri-City 0
BOTTOM OF THE 2ND
Tri-City Dust Devils batting - Pitching for Lewiston Broncs : RHP Theo Shaw
Batting: RHB Robert Martinez 0-0: Called Strike
0-1: Ball
1-1: SINGLE (Line Drive, 7LS, EV 95.0 MPH)
Batting: RHB Desmond Brooks 0-0: Ball
1-0: Ball
2-0: Foul Ball, location: 2F
2-1: Called Strike
2-2: Ball
3-2: Fly out, F6 (Popup, 6, EV 68.1 MPH)
Batting: RHB J.B. Moore 0-0: Ball
1-0: Called Strike
Robert Martinez is caught stealing 2nd base 2-4
1-1: Swinging Strike
1-2: Ball
2-2: SINGLE (Groundball, 6MD, EV 96.9 MPH)
Batting: LHB Kevin Jones 0-0: Fielders Choice at 2nd, 6-4 (Groundball, 6, EV 82.5 MPH)
Bottom of the 2nd over - 0 runs, 2 hits, 0 errors, 1 left on base; Lewiston 6 - Tri-City 0
TOP OF THE 3RD
Lewiston Broncs batting - Pitching for Tri-City Dust Devils : LHP John Smiley
Pitching: LHP Bobby Garcia
Batting: RHB Sal D'Alessandro 0-0: Ball
1-0: Ball
2-0: Swinging Strike
2-1: Called Strike
2-2: Strikes out swinging
Batting: LHB Nestor Moreno 0-0: Ball
1-0: Called Strike
1-1: Ground out 5-3 (Groundball, 56, EV 81.3 MPH)
Batting: RHB Julio Marin 0-0: Called Strike
0-1: Ball
1-1: Called Strike
1-2: Foul Ball, location: 2F
1-2: Ball
2-2: Strikes out swinging
Top of the 3rd over - 0 runs, 0 hits, 0 errors, 0 left on base; Lewiston 6 - Tri-City 0
BOTTOM OF THE 3RD
Tri-City Dust Devils batting - Pitching for Lewiston Broncs : RHP Theo Shaw
Batting: RHB Felipe Hernandez 0-0: Called Strike
0-1: Called Strike
0-2: Fly out, F8 (Flyball, 8RD, EV 91.9 MPH)
Batting: RHB Jeff DeWillis 0-0: Foul Ball, location: 2F
0-1: Ground out 6-3 (Groundball, 6, EV 86.3 MPH)
Batting: LHB LaVel Freeman 0-0: Called Strike
0-1: Ball
1-1: Ground out 6-3 (Groundball, 6M, EV 100.6 MPH)
Bottom of the 3rd over - 0 runs, 0 hits, 0 errors, 0 left on base; Lewiston 6 - Tri-City 0
TOP OF THE 4TH
Lewiston Broncs batting - Pitching for Tri-City Dust Devils : LHP Bobby Garcia
Batting: RHB Steven Spalt 0-0: Foul Ball, location: 2F
0-1: Reached on error, E5 (Groundball, 56S, EV 79.4 MPH)
Batting: RHB Jay Roberts 0-0: Fly out, F4 (Popup, 4S, EV 81.9 MPH)
Batting: LHB Wayne Kirby 0-0: Ball
1-0: Called Strike
1-1: Reached on error, E6 (Groundball, 6, EV 102.5 MPH)
Steven Spalt to second
Batting: LHB Alex Hernandez 0-0: Called Strike
0-1: Called Strike
0-2: Foul Ball, location: 2F
0-2: Ball
1-2: Strikes out looking
Batting: RHB Jeff Kunkel 0-0: Foul Ball, location: 2F
0-1: 3-RUN HOME RUN (Flyball, 7LD, EV 100.6 MPH), Distance : 365 ft
Batting: RHB Bruce Castoria 0-0: Ball
1-0: DOUBLE (Line Drive, 8LD, EV 105.0 MPH)
Batting: RHB Sal D'Alessandro 0-0: Called Strike
0-1: Swinging Strike
0-2: Fly out, F3 (Line Drive, 3, EV 65.6 MPH)
Top of the 4th over - 3 runs, 2 hits, 2 errors, 1 left on base; Lewiston 9 - Tri-City 0
BOTTOM OF THE 4TH
Tri-City Dust Devils batting - Pitching for Lewiston Broncs : RHP Theo Shaw
Batting: RHB Dave Lebeau 0-0: Ball
1-0: Foul Ball, location: 2F
1-1: Called Strike
1-2: Foul Ball, location: 2F
1-2: Ball
2-2: Foul Ball, location: 2F
2-2: Ball
3-2: Base on Balls
Batting: RHB Mark Van Blaricom 0-0: DOUBLE (Line Drive, 5D, EV 95.6 MPH)
Dave Lebeau to third
Batting: RHB Robert Martinez 0-0: Foul Ball, location: 2F
0-1: SINGLE (Line Drive, 89M, EV 101.9 MPH)
Dave Lebeau scores
Mark Van Blaricom to third
Batting: RHB Desmond Brooks 0-0: Ball
1-0: Ball
2-0: Ball
3-0: Called Strike
3-1: Base on Balls
Robert Martinez to second
Batting: RHB J.B. Moore 0-0: Grounds into fielders choice U2 (Groundball, 2R, EV 68.8 MPH)
Robert Martinez to third
Desmond Brooks to second
Batting: LHB Kevin Jones 0-0: Called Strike
0-1: Swinging Strike
0-2: Ball
1-2: Ball
2-2: Strikes out swinging
Batting: RHB Felipe Hernandez 0-0: Swinging Strike
0-1: Ball
1-1: Ball
2-1: Foul Ball, location: 2F
2-2: Foul Ball, location: 2F
2-2: Strikes out swinging
Bottom of the 4th over - 1 run, 2 hits, 0 errors, 3 left on base; Lewiston 9 - Tri-City 1
TOP OF THE 5TH
Lewiston Broncs batting - Pitching for Tri-City Dust Devils : LHP Bobby Garcia
Batting: LHB Nestor Moreno 0-0: Ground out 6-3 (Groundball, 6MS, EV 70.6 MPH)
Batting: RHB Julio Marin 0-0: Ball
1-0: Ball
2-0: Ball
3-0: Called Strike
3-1: Base on Balls
Batting: RHB Steven Spalt 0-0: Swinging Strike
0-1: Swinging Strike
0-2: Ball
1-2: Strikes out swinging
Batting: RHB Jay Roberts 0-0: Called Strike
0-1: Foul Ball, location: 2F
0-2: Foul Ball, location: 2F
0-2: Ball
1-2: Ball
2-2: Strikes out swinging
Top of the 5th over - 0 runs, 0 hits, 0 errors, 1 left on base; Lewiston 9 - Tri-City 1
BOTTOM OF THE 5TH
Tri-City Dust Devils batting - Pitching for Lewiston Broncs : RHP Theo Shaw
Batting: RHB Jeff DeWillis 0-0: Ball
1-0: Foul Ball, location: 2F
1-1: Fly out, F8 (Flyball, 8RD, EV 89.4 MPH)
Batting: LHB LaVel Freeman 0-0: Ball
1-0: Ball
2-0: Called Strike
2-1: Foul Ball, location: 2F
2-2: Foul Ball, location: 2F
2-2: Strikes out swinging
Batting: RHB Dave Lebeau 0-0: Ball
1-0: Ball
2-0: Ball
3-0: Base on Balls
Batting: RHB Mark Van Blaricom 0-0: Called Strike
0-1: Foul Ball, location: 2F
0-2: Strikes out looking
Bottom of the 5th over - 0 runs, 0 hits, 0 errors, 1 left on base; Lewiston 9 - Tri-City 1
TOP OF THE 6TH
Lewiston Broncs batting - Pitching for Tri-City Dust Devils : LHP Bobby Garcia
Batting: LHB Wayne Kirby 0-0: Swinging Strike
0-1: Ball
1-1: Foul Ball, location: 2F
1-2: Foul Ball, location: 2F
1-2: Ball
2-2: Strikes out looking
Batting: LHB Alex Hernandez 0-0: Ball
1-0: Ball
2-0: SINGLE (Groundball, 56S, EV 72.5 MPH) (infield hit)
Pitching: RHP Rich Doyle
Batting: RHB Jeff Kunkel 0-0: Foul Ball, location: 2F
0-1: Foul Ball, location: 2F
0-2: Strikes out swinging
Batting: RHB Bruce Castoria 0-0: Called Strike
0-1: Swinging Strike
0-2: Foul Ball, location: 2F
Pickoff Throw to First - Out! 1-3
Top of the 6th over - 0 runs, 1 hit, 0 errors, 0 left on base; Lewiston 9 - Tri-City 1
BOTTOM OF THE 6TH
Tri-City Dust Devils batting - Pitching for Lewiston Broncs : RHP Theo Shaw
Batting: RHB Robert Martinez 0-0: Foul Ball, location: 2F
0-1: Ball
1-1: Fly out, F4 (Line Drive, 4, EV 64.4 MPH)
Batting: RHB Desmond Brooks 0-0: Called Strike
0-1: Ball
1-1: Ball
2-1: Called Strike
2-2: Foul Ball, location: 2F
2-2: Foul Ball, location: 2F
2-2: Strikes out swinging
Batting: RHB J.B. Moore 0-0: Ball
1-0: Fly out, F4 (Line Drive, 4, EV 68.1 MPH)
Bottom of the 6th over - 0 runs, 0 hits, 0 errors, 0 left on base; Lewiston 9 - Tri-City 1
TOP OF THE 7TH
Lewiston Broncs batting - Pitching for Tri-City Dust Devils : RHP Rich Doyle
Pinch Hitting: SHB Stephen Kowalski 0-0: Ball
1-0: Swinging Strike
1-1: Called Strike
1-2: Foul Ball, location: 2F
1-2: Fly out, F4 (Popup, 34S, EV 75.6 MPH)
Batting: RHB Sal D'Alessandro 0-0: Foul Ball, location: 2F
0-1: Ball
1-1: Fly out, F9 (Flyball, 9S, EV 91.9 MPH)
Batting: LHB Nestor Moreno 0-0: Called Strike
0-1: Ball
1-1: Ball
2-1: Ball
3-1: Called Strike
3-2: DOUBLE (Line Drive, 78M, EV 110.6 MPH)
Pinch Hitting: RHB James Sanfilippo 0-0: Called Strike
0-1: TRIPLE (Line Drive, 78XD, EV 107.5 MPH)
Nestor Moreno scores
Batting: RHB Steven Spalt 0-0: Called Strike
0-1: Ball
1-1: Ball
2-1: SINGLE (Groundball, 6S, EV 67.5 MPH) (infield hit)
James Sanfilippo scores
Pinch Hitting: RHB Felix Linares 0-0: Ball
1-0: Foul Ball, location: 2F
1-1: Called Strike
1-2: Fly out, F9 (Flyball, 9D, EV 85.0 MPH)
Top of the 7th over - 2 runs, 3 hits, 0 errors, 1 left on base; Lewiston 11 - Tri-City 1
BOTTOM OF THE 7TH
Tri-City Dust Devils batting - Pitching for Lewiston Broncs : RHP Theo Shaw
Now at 1B: Joaquin Gonzalez
Now at 3B: James Sanfilippo
Now in LF: Felix Linares
Pinch Hitting: RHB Jeffrey Depiano 0-0: Ball
1-0: Ball
2-0: Ball
3-0: Called Strike
3-1: Fly out, F6 (Popup, 6MS, EV 62.5 MPH)
Batting: RHB Felipe Hernandez 0-0: Called Strike
0-1: DOUBLE (Line Drive, 78XD, EV 101.9 MPH)
Batting: RHB Jeff DeWillis 0-0: Ball
1-0: Ball
2-0: Fly out, F8 (Flyball, 89M, EV 74.4 MPH)
Pinch Hitting: LHB David Otersen 0-0: Called Strike
0-1: Ball
1-1: Called Strike
1-2: Ball
2-2: Ball
3-2: Foul Ball, location: 2F
3-2: SINGLE (Flyball, 3D, EV 93.1 MPH)
Felipe Hernandez to third
Felipe Hernandez scores
Pinch Hitting: RHB Dennis Glynn 0-0: Ground out 4-3 (Groundball, 13, EV 84.4 MPH)
Bottom of the 7th over - 1 run, 2 hits, 0 errors, 1 left on base; Lewiston 11 - Tri-City 2
TOP OF THE 8TH
Lewiston Broncs batting - Pitching for Tri-City Dust Devils : RHP Rich Doyle
Now at 2B: Dennis Glynn
Now in LF: Jeffrey Depiano
Now in CF: David Otersen
Pinch Hitting: LHB Keith Showell 0-0: Fly out, F9 (Flyball, 9LM, EV 90.0 MPH)
Pinch Hitting: RHB Dale Bunn 0-0: Foul Ball, location: 2F
0-1: Ball
1-1: Ground out 5-3 (Groundball, 5, EV 104.4 MPH)
Batting: RHB Jeff Kunkel 0-0: Ball
1-0: Ball
2-0: Ball
3-0: Called Strike
3-1: Base on Balls
Batting: RHB Joaquin Gonzalez 0-0: Ball
1-0: Ball
2-0: Ball
3-0: Called Strike
3-1: Base on Balls
Jeff Kunkel to second
Batting: RHB Sal D'Alessandro 0-0: Ball
1-0: Ball
2-0: Reached via error on a dropped throw from SS, E4 (Groundball, 6, EV 81.3 MPH)
Jeff Kunkel to third
Joaquin Gonzalez to second
Batting: LHB Nestor Moreno 0-0: Fly out, F4 (Popup, 4, EV 51.3 MPH)
Top of the 8th over - 0 runs, 0 hits, 1 error, 3 left on base; Lewiston 11 - Tri-City 2
BOTTOM OF THE 8TH
Tri-City Dust Devils batting - Pitching for Lewiston Broncs : RHP Theo Shaw
Now in CF: Dale Bunn
Now in RF: Keith Showell
Pinch Hitting: LHB Daraka Shaheed 0-0: SINGLE (Line Drive, 7LS, EV 90.0 MPH)
Pinch Hitting: RHB Angelo Nunley 0-0: Called Strike
0-1: Foul Ball, location: 2F
0-2: Fly out, F8 (Line Drive, 8RD, EV 85.0 MPH)
Pinch Hitting: RHB Paul Daddario 0-0: Ball
1-0: Swinging Strike
1-1: Fly out, F7 (Flyball, 78D, EV 84.4 MPH)
Pinch Hitting: RHB Miguel Abraham 0-0: Ball
1-0: Fielders Choice at 2nd, 6-4 (Groundball, 6, EV 88.8 MPH)
Bottom of the 8th over - 0 runs, 1 hit, 0 errors, 1 left on base; Lewiston 11 - Tri-City 2
TOP OF THE 9TH
Lewiston Broncs batting - Pitching for Tri-City Dust Devils : RHP Rich Doyle
Now at 1B: Randy Puckett
Now at 3B: Angelo Nunley
Now at SS: Daraka Shaheed
Now in RF: Miguel Abraham
Batting: RHB James Sanfilippo 0-0: Ball
1-0: Called Strike
1-1: Foul Ball, location: 2F
1-2: Ball
2-2: Strikes out looking
Batting: RHB Steven Spalt 0-0: Called Strike
0-1: SINGLE (Line Drive, 8RS, EV 86.9 MPH)
Pitching: RHP Jose Vazquez
Batting: RHB Felix Linares 0-0: Ball
1-0: Ball
2-0: Swinging Strike
2-1: Foul Ball, location: 2F
2-2: Ball
3-2: Foul Ball, location: 2F
3-2: TRIPLE (Flyball, 78XD, EV 106.9 MPH)
Steven Spalt scores
Batting: LHB Keith Showell 0-0: Ground out 4-3 (Groundball, 4, EV 103.1 MPH)
Felix Linares scores
Batting: RHB Dale Bunn 0-0: Swinging Strike
0-1: Ground out 1-3 (Groundball, 13S, EV 71.3 MPH)
Top of the 9th over - 2 runs, 2 hits, 0 errors, 0 left on base; Lewiston 13 - Tri-City 2
BOTTOM OF THE 9TH
Tri-City Dust Devils batting - Pitching for Lewiston Broncs : RHP Theo Shaw
Pinch Hitting: RHB Ray Williams 0-0: Called Strike
0-1: Foul Ball, location: 2F
0-2: Foul Ball, location: 2F
0-2: Ball
1-2: Ground out 6-3 (Groundball, 6, EV 106.3 MPH)
Batting: RHB Felipe Hernandez 0-0: Ball
1-0: Ball
2-0: Ball
3-0: Called Strike
3-1: Base on Balls
Pinch Hitting: RHB Billy Welch 0-0: Ball
1-0: Foul Ball, location: 2F
1-1: Called Strike
1-2: Foul Ball, location: 2F
1-2: Grounds into double play, 6-4-3 (Groundball, 6, EV 83.1 MPH)
Bottom of the 9th over - 0 runs, 0 hits, 0 errors, 0 left on base; Lewiston 13 - Tri-City 2
Thursday, August 6th, 2020 - OOTP Baseball 21.5 Build 76